 Dungeon Crawl Stone Soup version 0.28.0 (webtiles) character file.

Game seed: 9648169496472998589

85 porpoise the Magician (level 4, -3/34 HPs)
             Began as a Djinni Fire Elementalist on Feb 13, 2022.
             Killed from afar by Natasha (5 damage)
             ... with a magic dart
             ... on level 2 of the Dungeon.
             The game lasted 00:06:59 (1679 turns).

porpoise the Magician (Djinni Fire Elementalist)    Turns: 1679, Time: 00:07:00

Health: -3/34      AC:  4    Str:  7    XL:     4   Next: 75%
Gold:   117        EV: 12    Int: 18    God:
                   SH:  0    Dex: 14

rFire   + + +      SeeInvis .   a - +0 dagger
rCold   x . .      Faith    .   (no shield)
rNeg    . . .      Spirit   .   d - +0 robe
rPois   ∞          Reflect  .   (no helmet)
rElec   .          Harm     .   e - +1 cloak
rCorr   .          Rampage  .   (no gloves)
Will    .....                   (boots unavailable)
Stlth   ++........              (no amulet)
HPRegen 0.11/turn               l - ring of protection from fire
MPRegen 0.00/turn               (no ring)

@: flying, very slightly contaminated, hasted and slowed
A: sickness immunity, fire resistance 2, cold vulnerability 1, float, innate
caster, HP casting, extra vitality 1
a: no special abilities


You were on level 2 of the Dungeon.
You visited 1 branch of the dungeon, and saw 3 of its levels.

You collected 117 gold pieces.

Inventory:

Hand Weapons
 a - a +0 dagger (weapon)
Missiles
 c - 30 stones
 n - 24 bolts
 p - 4 javelins
Armour
 d - a +0 robe (worn)
 e - a +1 cloak (worn)
Jewellery
 l - a ring of protection from fire (left hand)
Scrolls
 b - 4 scrolls of identify {unknown}
 f - a scroll of fear {unknown}
 g - a scroll of enchant armour {unknown}
 h - 3 scrolls of holy word {unknown}
 j - a scroll of immolation {unknown}
 k - a scroll of fog {unknown}
 m - 2 scrolls of teleportation {unknown}
Potions
 o - a potion of curing {unknown}
 q - a potion of invisibility {unknown}


   Skills:
 * Level 2.3 Fighting
 - Level 2.1 Dodging
 + Level 2.2 Stealth
 * Level 3.1 Spellcasting


You couldn't memorise any spells.
You knew the following spells:

 Your Spells              Type           Power      Damage    Failure   Level
a - Foxfire               Conj/Fire      56%        2x1d6     4%          1
b - Scorch                Fire           28%        2d6       7%          2
c - Conjure Flame         Conj/Fire      14%        6-21      13%         3
d - Inner Flame           Hex/Fire       14%        N/A       13%         3
e - Flame Wave            Conj/Fire      14%        2d6       41%         4
m - Summon Small Mammal   Summ           56%        N/A       4%          1
Your spell library was empty.

Dungeon Overview and Level Annotations

Branches:
Dungeon (3/15)

Altars:

Shops:
D:2 [

Annotations:
D:2 Natasha


Innate Abilities, Weirdness & Mutations

You are immune to sickness and miasma.
You are immune to poison.
Your flesh is very heat resistant. (rF++)
You are vulnerable to cold. (rC-)
You float through the air rather than walking.
You learn spells naturally, not from books.
Your magical power is your life essence.
You have superior vitality. (+4 MHP)


Message History

You conjure some foxfire!
The white imp barely misses you.
Natasha stares at you and mumbles some strange words.
You feel as though you will be slow longer.
The shadow imp gestures at you. Pain shoots through your body!
The white imp hits you but does no damage.
You hit Natasha but do no damage.
Natasha is moderately wounded.
The foxfire hits Natasha.
Natasha is heavily wounded.
The foxfire hits Natasha.
Natasha is almost dead.
Natasha casts a spell.
The white imp hits you. The white imp freezes you.
You feel a terrible chill! Natasha claws you. The shadow imp gestures at you.
Pain shoots through your body!
* * * LOW HITPOINT WARNING * * *
The white imp puffs mist at you. The white imp completely misses you.
Natasha drinks a potion.
Natasha seems to grow stronger.
The shadow imp hits you but does no damage.
The white imp barely misses you.
You fly upwards.
The white imp disappears in a puff of smoke!
The shadow imp disappears in a puff of smoke! x2
There is a stone staircase leading down here.
Casting: Foxfire (safe; 4% risk of failure)
Confirm with . or Enter, or press ? or * to list all spells.
You miscast Foxfire.
You are very lightly contaminated with residual magic.
Nothing appears to happen.
* * * LOW HITPOINT WARNING * * *
Natasha closely misses you.
Natasha mewls in sadness.
Natasha completely misses you.
It was a potion of haste.
You feel yourself speed up. Natasha casts a spell at you.
The magic dart hits you.
You die...

#...........##.#.................
#...........##...................
#...........###............####.#
............# #............# #...
...#.....#### #............# #...
...#.....# ##...........# #...
...#.....#######...........###÷..
...#....................####.....
########........@h......#........
# #................#........
########................#........
........................#........
.................##.#####........
...†.......########.....#........
........................#...##...
........................#........
.....................######......


You could see Natasha (strong).

Vanquished Creatures
  5 adders (D:2)
  A worm (D:2)
  An orc (D:3)
  2 ball pythons (D:1)
  7 endoplasms
  2 giant cockroaches
  4 hobgoblins
  3 quokkas
  2 bats (D:1)
  3 frilled lizards
  2 kobolds
  4 rats
36 creatures vanquished.

Vanquished Creatures (others)
  101 foxfires
101 creatures vanquished.

Grand Total: 137 creatures vanquished

Notes
Turn   | Place    | Note
-------+----------+-------------------------------------------
     0 | D:1      | porpoise the Djinni Fire Elementalist began the quest for
                  | the Orb.
     0 | D:1      | Reached XP level 1. HP: 15/15 MP: 0/0
   279 | D:1      | Reached XP level 2. HP: 21/22 MP: 0/0
   366 | D:1      | Reached skill level 1 in Fighting
   642 | D:1      | Reached XP level 3. HP: 24/27 MP: 0/0
   642 | D:1      | Learned a level 1 spell: Summon Small Mammal
   910 | D:1      | Found a faded altar of an unknown god.
  1066 | D:2      | Reached XP level 4. HP: 26/33 MP: 0/0
  1170 | D:2      | Reached skill level 3 in Spellcasting
  1314 | D:2      | Found Cyopovu's Armour Shoppe.
  1664 | D:3      | Noticed Natasha
  1679 | D:2      | Killed from afar by Natasha

Illustrated notes

Levels and vault maps discovered:
D:1:      nicolae_arrival_washed_ashore, layout_rooms,
          shapermc_ecumenical_altar_rom_forum, minmay_split_cup_large
D:2:      layout_basic, serial_shops, shop
D:3:      minmay_angry_zag, layout_rooms, uniq_natasha, uniq_ijyb

Skill      XL: |  1  2  3  4 |
---------------+-------------+-----
Fighting       | 1 2 |  2.3
Stealth        | 2 |  2.2
Spellcasting   | 3 |  3.1
Dodging        | |  2.1

Action                   |  1- 3 |  4- 6 || total
-------------------------+-------+-------++-------
Melee: Dagger            |       |     3 ||     3
 Cast: Foxfire           |    34 |    23 ||    57
  Use: Potion            |       |     1 ||     1
Armor: Robe              |     1 |     2 ||     3
Dodge: Dodged            |     1 |     6 ||     7
